 Dungeon Crawl Stone Soup version 0.25-a0-413-g3b4b6a4ccc (webtiles) character file.

Game seed: 9081296531946381004, levelgen mode: deterministic

43693 Borgoz the Fighter (level 14, -3/94 HPs)
             Began as a Gargoyle Berserker on Jan 16, 2020.
             Was an Elder of Trog.
             Slain by an ogre
             ... wielding a +0 giant club
              (19 damage)
             ... on level 14 of the Dungeon.
             The game lasted 00:24:03 (13890 turns).

Borgoz the Fighter (Gargoyle Berserker)            Turns: 13890, Time: 00:24:04

Health: -3/94      AC: 22    Str: 24    XL:     14   Next: 25%
Magic:  4/4        EV: 19    Int:  9    God:    Trog [****..]
Gold:   247        SH:  0    Dex: 16    Spells: 13/13 levels left

rFire    . . .     SeeInvis .   v - +5 dire flail (antimagic)
rCold    . . .     Gourm    .   (shield currently unavailable)
rNeg     + . .     Faith    .   K - +0 leather armour of Kecvulih {Regen+ Dex+3} (curse)
rPois    ∞         Spirit   .   d - +2 hat
rElec    +         Reflect  .   i - scarf {cloud immunity}
rCorr    .         Harm     .   D - +0 pair of gloves "Cuseno" {MR+ Regen+}
MR       ++...                  q - +2 pair of boots {run}
Stlth    +.........             j - amulet of the acrobat
HPRegen  1.05/turn              (no ring)
MPRegen  0.09/turn              z - +3 ring of dexterity

@: flying, quick
A: big wings, negative energy resistance 1, electricity resistance, unbreathing,
petrification resistance, rot immunity, AC +10
a: Stop Flying, Berserk, Trog's Hand, Brothers in Arms, Renounce Religion


You were on level 14 of the Dungeon.
You worshipped Trog.
Trog was greatly pleased with you.
You were not hungry.

You visited 1 branch of the dungeon, and saw 14 of its levels.
You also visited: Sewer.

You collected 830 gold pieces.
You spent 583 gold pieces at shops.

Inventory:

Hand Weapons
 v - a +5 antimagic dire flail (weapon)
 C - a +3 great mace
Missiles
 y - 4 throwing nets (quivered)
Armour
 d - a +2 hat (worn)
 i - a scarf of cloud immunity (worn)
 q - a +2 pair of boots of running (worn)
 D - the +0 pair of gloves "Cuseno" (worn) {MR+ Regen+}
   (You bought it in a shop on level 10 of the Dungeon)

   It affects your resistance to hostile enchantments.
   It increases your rate of regeneration.
 H - +0 acid dragon scales
 K - the cursed +0 leather armour of Kecvulih (worn) {Regen+ Dex+3}
   (You found it on level 11 of the Dungeon)

   It affects your dexterity (+3).
   It increases your rate of regeneration.
   It has a curse placed upon it.
Jewellery
 j - an amulet of the acrobat (around neck)
 z - a +3 ring of dexterity (right hand)
 M - an uncursed ring of fire
 Q - an uncursed amulet of harm {unknown}
Wands
 a - a wand of paralysis (16)
 f - a wand of clouds (4)
 r - a wand of polymorph (14)
 w - a wand of scattershot (4)
 A - a wand of acid (23)
 G - a wand of digging (8)
 J - a wand of iceblast (4)
 O - a wand of disintegration (11)
 P - a wand of enslavement (9)
Scrolls
 b - 3 scrolls of fear
 h - 8 scrolls of teleportation
 n - a scroll of enchant armour
 x - a scroll of vulnerability {unknown}
 B - 4 scrolls of magic mapping
 I - a scroll of enchant weapon
 N - a scroll of holy word
 R - a scroll of identify
Potions
 e - 11 potions of curing
 g - 5 potions of cancellation
 k - 3 potions of berserk rage
 l - 3 potions of flight
 m - a potion of resistance {unknown}
 o - 2 potions of might
 p - 3 potions of heal wounds
 s - 3 potions of agility
 t - 2 potions of ambrosia
 u - 5 potions of haste
 F - 3 potions of lignification
 L - a potion of invisibility
Comestibles
 c - 23 rations
 E - 7 chunks of flesh


   Skills:
 + Level 13.4 Fighting
 + Level 12.5 Maces & Flails
 + Level 13.2 Armour
 + Level 10.5 Dodging


You had 13 spell levels left.
You didn't know any spells.
Your spell library was empty.

Dungeon Overview and Level Annotations

Branches:
Dungeon (14/15)            Temple (0/1) D:7            Lair (0/6) D:10
    Orc (0/2) D:11         Vaults (0/5) D:13          Sewer (visited)

Altars:
Cheibriados
Fedhas
Gozag
Uskayaw
Yredelemnul
Beogh

Shops:
D:10 [   D:11 (


Innate Abilities, Weirdness & Mutations

You are resistant to torment.
Your stone body is resilient. (AC +10)
You are immune to poison.
Your large and strong wings let you fly indefinitely.
You resist negative energy. (rN+)
You are resistant to electric shocks. (rElec)
You can survive without breathing.
You are immune to petrification.
You are immune to rotting.


Message History

Trog accepts your kill.
The centaur shoots an arrow.
The arrow hits you but does no damage.
The centaur unwields a +0 shortbow.
The centaur completely misses you. The ogre hits you with a +0 giant club.
* * * LOW HITPOINT WARNING * * *
Items here: ! ( )) † a +0 short sword; a +0 shortbow; 26 arrows; a potion of cancellation a centaur corpse You impale the centaur!!
You kill the centaur!
Trog accepts your kill.
You bludgeon the ogre!!
The ogre is severely wounded.
The ogre barely misses you.
You hit the ogre.
The ogre is almost dead.
You completely miss the ogre.
The ogre is almost dead.
The ogre hits you with a +0 giant club!!
You die...

....#####+####
....##........
....##....########
#....)....'......#
..........#..###.#
########'##÷.#...
#.##..#.###
#.##....O)#
#.##.h..#@#
#.#######)# #.#
#)# #(# #)# #.#
#.# #.# #.# #(#
#..


You could see an ogre.

Vanquished Creatures
  Frances (D:13)
  The ghost of strongu the Impaler, a journeyman OpGl of Gozag (D:11)
  Nessos (D:13)
  Harold (D:7)
  A hydra (D:11)
  Erica (D:11)
  4 centaur warriors (D:14)
  An ogre mage (D:13)
  9 two-headed ogres
  A tengu warrior (D:13)
  7 skeletal warriors (D:14)
  An unseen horror (D:12)
  A wizard (D:14)
  A wolf spider zombie (D:13)
  3 ugly things
  4 manticores
  A cyclops (D:13)
  2 centaur zombies (D:13)
  Maurice (D:13)
  Maggie (D:8)
  A komodo dragon (D:12)
  2 trolls (D:13)
  A hornet (D:8)
  A raiju (shapeshifter) (D:13)
  5 slime creatures
  6 hippogriffs
  Sigmund (D:3)
  2 shadows
  2 water elementals (D:13)
  A spriggan (D:7)
  2 wyverns
  A wraith (D:14)
  18 yaks
  A basilisk (D:14)
  A hungry ghost (D:8)
  4 porcupines (D:10)
  A water moccasin (D:7)
  4 orc warriors
  2 phantoms
  3 sky beasts
  7 ogres
  A wolf (shapeshifter) (D:14)
  3 boggarts (D:13)
  6 ice beasts
  A necrophage (D:9)
  An eye of draining (D:10)
  5 centaurs
  3 crocodiles (D:10)
  6 big kobolds
  8 bullfrogs
  A wyvern skeleton (D:11)
  3 scorpions
  19 killer bees
  8 wights
  2 electric eels
  4 howler monkeys
  4 crimson imps
  2 quasits
  7 hounds
  4 jellies
  3 bullfrog skeletons
  2 bullfrog zombies
  8 orc priests
  A gnoll shaman (D:4)
  19 orc wizards
  4 iguanas
  4 centaur skeletons
  9 worker ants
  Natasha (thrice) (D:3)
  2 hound skeletons
  A worker ant zombie (D:7)
  Robin (D:3)
  19 adders
  20 gnolls
  A river rat (Sewer)
  5 shadow imps
  A white imp (D:10)
  3 worms
  2 dart slugs
  9 leopard geckos
  62 orcs
  7 bats
  7 giant cockroaches
  15 goblins
  13 hobgoblins
  21 jackals
  2 quokkas
  A ball python (D:6)
  4 frilled lizards
  2 jackal skeletons
  27 kobolds
  2 leopard gecko skeletons
  A quokka zombie (D:6)
  15 rats
493 creatures vanquished.

Vanquished Creatures (collateral kills)
  Rupert (D:13)
  3 spriggans (D:11)
  A skeletal warrior (D:14)
  A slime creature (D:12)
  2 polar bears (D:11)
  A hornet (D:11)
  A killer bee (D:8)
  3 kobolds (D:12)
13 creatures vanquished.

Vanquished Creatures (others)
  A boggart (D:13)
  A bush (D:10)
  5 fungi
  16 plants
23 creatures vanquished.

Grand Total: 529 creatures vanquished

Notes
Turn   | Place    | Note
-------+----------+-------------------------------------------
     0 | D:1      | Borgoz the Gargoyle Berserker began the quest for the Orb.
     0 | D:1      | Reached XP level 1. HP: 14/14 MP: 1/1
   127 | D:1      | Reached XP level 2. HP: 19/19 MP: 2/2
   437 | D:1      | Reached XP level 3. HP: 23/23 MP: 3/3
   953 | D:2      | Reached XP level 4. HP: 28/29 MP: 4/4
   957 | D:2      | Reached ** piety under Trog
  1237 | D:2      | Reached XP level 5. HP: 20/33 MP: 5/5
  1823 | D:3      | Noticed Sigmund
  1833 | D:3      | Killed Sigmund
  1833 | D:3      | Reached XP level 6. HP: 39/39 MP: 6/6
  2118 | D:3      | Noticed Robin
  2138 | D:3      | Killed Robin
  2415 | D:3      | Reached *** piety under Trog
  2436 | D:3      | Noticed Natasha
  2447 | D:3      | Killed Natasha
  2658 | D:3      | Noticed Natasha
  2670 | D:3      | Killed Natasha
  2670 | D:3      | Reached skill level 5 in Fighting
  2670 | D:3      | Reached XP level 7. HP: 40/44 MP: 7/7
  2853 | D:3      | Noticed Natasha
  2861 | D:3      | Killed Natasha
  3011 | D:4      | Reached skill level 5 in Maces & Flails
  3421 | D:4      | Reached skill level 5 in Armour
  3444 | D:4      | Reached XP level 8. HP: 47/51 MP: 8/8
  3777 | D:5      | Entered Level 5 of the Dungeon
  3973 | D:5      | Found a glowing drain.
  4020 | Sewer    | Entered a sewer
  4118 | Sewer    | Found a glowing silver altar of Zin.
  4357 | D:5      | Reached **** piety under Trog
  4590 | D:5      | Found a basalt altar of Yredelemnul.
  4979 | D:6      | Reached XP level 9. HP: 50/56 MP: 9/9
  5175 | D:6      | Reached skill level 5 in Dodging
  5440 | D:7      | Found a staircase to the Ecumenical Temple.
  5895 | D:7      | Noticed Harold
  5928 | D:7      | Killed Harold
  5928 | D:7      | Reached XP level 10. HP: 38/64 MP: 10/10
  6116 | D:7      | Reached ***** piety under Trog
  6116 | D:7      | Received a gift from Trog
  6964 | D:8      | Noticed Maggie
  6984 | D:8      | Killed Maggie
  7071 | D:8      | Found an opulent altar of Gozag.
  7207 | D:8      | Found a snail-covered altar of Cheibriados.
  8072 | D:9      | Found a hide-covered altar of Uskayaw.
  8311 | D:9      | Reached XP level 11. HP: 51/71 MP: 11/11
  9001 | D:9      | Received a gift from Trog
  9009 | D:9      | Found a blossoming altar of Fedhas.
  9133 | D:10     | Entered Level 10 of the Dungeon
  9168 | D:10     | Noticed a two-headed ogre
  9177 | D:10     | Killed a two-headed ogre
  9177 | D:10     | Reached skill level 10 in Fighting
  9271 | D:10     | Found a staircase to the Lair.
  9301 | D:10     | Reached skill level 10 in Armour
  9516 | D:10     | You fall into a shaft and drop 2 floors!
  9531 | D:12     | Noticed a stone giant
  9536 | D:12     | Noticed a centaur warrior
  9537 | D:12     | Noticed a cyclops
  9583 | D:12     | Noticed an orb spider
  9585 | D:12     | an orb spider changed into a polar bear
  9828 | D:11     | Noticed Erica
  9853 | D:11     | Killed Erica
 10183 | D:11     | Received a gift from Trog
 10186 | D:11     | Reached skill level 10 in Maces & Flails
 10190 | D:11     | Reached XP level 12. HP: 79/79 MP: 7/12
 10407 | D:10     | Noticed a two-headed ogre
 10417 | D:10     | Killed a two-headed ogre
 10550 | D:10     | Noticed a two-headed ogre
 10567 | D:10     | Killed a two-headed ogre
 10575 | D:10     | Noticed a two-headed ogre
 10586 | D:10     | Killed a two-headed ogre
 10624 | D:10     | Noticed a two-headed ogre
 10632 | D:10     | Killed a two-headed ogre
 11023 | D:10     | Found Mikloc's Armour Emporium.
 11036 | D:10     | Bought the +0 pair of gloves "Cuseno" {MR+ Regen+} for 205
                  | gold pieces
 11147 | D:10     | Noticed a two-headed ogre
 11160 | D:10     | Killed a two-headed ogre
 11332 | D:11     | Found Umeubaud's Antique Weapon Boutique.
 11337 | D:11     | Noticed a four-headed hydra
 11348 | D:11     | Killed a four-headed hydra
 11403 | D:10     | Bought a +0 pair of boots of running for 378 gold pieces
 11437 | D:12     | Noticed a two-headed ogre
 11452 | D:12     | Killed a two-headed ogre
 11515 | D:11     | Found a runed translucent door.
 11515 | D:11     | Noticed a spriggan rider
 11515 | D:11     | Identified the cursed +3 spear of Chaos {venom, rElec MR+}
 11571 | D:11     | Found a staircase to the Orcish Mines.
 11587 | D:11     | Found a roughly hewn altar of Beogh.
 11729 | D:11     | Noticed strongu's ghost (journeyman OpGl)
 11760 | D:11     | Killed strongu's ghost
 11770 | D:11     | Killed a spriggan rider
 11950 | D:11     | Got a distressingly furry leather armour
 11965 | D:11     | Identified the cursed +0 leather armour of Kecvulih {Regen+
                  | Dex+3} (You found it on level 11 of the Dungeon)
 12263 | D:12     | Reached XP level 13. HP: 75/86 MP: 4/13
 12773 | D:13     | Found a gate to the Vaults.
 12853 | D:13     | Noticed Nessos
 12867 | D:13     | Killed Nessos
 12870 | D:13     | Received a gift from Trog
 13044 | D:13     | Noticed Maurice
 13044 | D:13     | Paralysed by Maurice for 7 turns
 13060 | D:13     | Killed Maurice
 13138 | D:13     | Noticed Rupert
 13150 | D:13     | Killed Rupert
 13220 | D:13     | Reached skill level 10 in Dodging
 13271 | D:13     | Noticed Frances
 13289 | D:13     | Killed Frances
 13757 | D:14     | Gained mutation: Your large and strong wings let you fly
                  | indefinitely. [Gargoyle growth]
 13757 | D:14     | Reached XP level 14. HP: 94/94 MP: 4/14
 13890 | D:14     | Slain by an ogre

Levels and vault maps discovered:
D:1:      eino_arrival_cavern_b, layout_loops_ring, minmay_indecisive_spiral
D:2:      layout_basic, first_ration
D:3:      layout_basic, uniq_robin, uniq_natasha, uniq_sigmund
D:4:      layout_cave_pools, nrook_mini_backslash, serial_bayou_ford_a,
          feat_on_display
D:5:      layout_loops_ring, gup_sewer_entry_glass, grunt_decor_mini_mirrors,
          kennysheep_decorative_pillar, yredelemnul_altar_generic
D:6:      layout_cave_pools
D:7:      layout_basic, temple_fountains, the_bakery, uniq_harold
D:8:      layout_gridville, nicolae_overflow_crystal_walls, fountainhead,
          grunt_gozag_breadcrumbs, uniq_maggie
D:9:      layout_roguey, kennysheep_flooded_box, fedhas_altar_4
D:10:     layout_loops_ring, minmay_lair_entry_grove, serial_shops, shop,
          minmay_fire_ice_demons
D:11:     layout_cross, minmay_orc_entry_temple_small, serial_shops, shop,
          ebering_ghost_funeral_grove, minmay_misc_feat_enclosed, uniq_erica
D:12:     layout_irregular_city, onia_ninara_dug_in_and_dangerous
D:13:     layout_roguey, david_vaults_2, kennysheep_cluttered_room,
          minivault_23, uniq_rupert, uniq_frances, uniq_nessos, uniq_maurice
D:14:     layout_basic, serial_park_tiny_2

Skill      XL: |  1  2  3  4  5  6  7  8  9 10 11 12 13 14 |
---------------+-------------------------------------------+-----
Dodging        | 2 3 4 5 7 8 9 10 | 10.5
Armour         | 3 4 5 6 7 9 10 11 12 13 | 13.2
Fighting       | 4 5 6 8 9 10 12 13 | 13.4
Maces & Flails | 4 5 6 7 8 10 11 12 | 12.5

Action                   |  1- 3 |  4- 6 |  7- 9 | 10-12 | 13-15 || total
-------------------------+-------+-------+-------+-------+-------++-------
Melee: Mace              |    76 |   252 |    73 |       |       ||   401
       Flail             |       |       |   475 |    12 |       ||   487
       Great mace        |       |       |       |   354 |       ||   354
       Dire flail        |       |       |       |   417 |   386 ||   803
Throw: Throwing net      |       |       |     1 |     3 |       ||     4
Invok: Berserk           |     1 |     3 |     5 |     5 |     5 ||    19
       Trog's Hand       |       |       |     5 |     2 |     3 ||    10
       Brothers in Arms  |       |       |       |     3 |     2 ||     5
 Abil: Fly               |       |       |       |       |     1 ||     1
  Use: Scroll            |       |       |     8 |    18 |       ||    26
       Potion            |       |       |       |     1 |     3 ||     4
 Stab: Held in net/web   |       |       |     1 |     3 |       ||     4
  Eat: Chunk             |       |    10 |    18 |    28 |    12 ||    68
       Ration            |       |       |       |     2 |       ||     2
Armor: Animal skin       |    22 |       |       |       |       ||    22
       Ring mail         |    28 |   182 |   181 |       |       ||   391
       Skin              |       |    34 |       |       |       ||    34
       Scale mail        |       |       |   274 |   526 |       ||   800
       Acid dragon scale |       |       |       |   106 |       ||   106
       Leather armour    |       |       |       |     8 |   114 ||   122
Dodge: Dodged            |    53 |   217 |   524 |   871 |   292 ||  1957

Table legend:
 A = Non-vault XP
 B = Vault XP
 C = Vault XP percentage of total XP
 D = Non-vault monster count
 E = Vault monster count
 F = Vault count percentage of total count
                 A         B        C        D         E       F
            +---------+---------+-------+---------+---------+-------
      Total |   46072 |   16347 |  26.2 |     438 |      68 |  13.4
            +---------+---------+-------+---------+---------+-------
        D:1 |      33 |       7 |  17.5 |      17 |       4 |  19.0
        D:2 |     151 |       0 |   0.0 |      29 |       0 |   0.0
        D:3 |     164 |     311 |  65.5 |      34 |      14 |  29.2
        D:4 |     711 |       0 |   0.0 |      25 |       0 |   0.0
        D:5 |     635 |      30 |   4.5 |      26 |       4 |  13.3
        D:6 |     482 |       0 |   0.0 |      30 |       0 |   0.0
        D:7 |    1409 |    1243 |  46.9 |      28 |       2 |   6.7
        D:8 |    2804 |     398 |  12.4 |      62 |       1 |   1.6
        D:9 |    2232 |       0 |   0.0 |      30 |       0 |   0.0
       D:10 |    6732 |    1968 |  22.6 |      33 |      14 |  29.8
       D:11 |    4481 |    3546 |  44.2 |      31 |      13 |  29.5
       D:12 |    5102 |       0 |   0.0 |      36 |       0 |   0.0
       D:13 |    8031 |    8720 |  52.1 |      31 |       7 |  18.4
       D:14 |   13105 |       0 |   0.0 |      26 |       0 |   0.0
      Sewer |       0 |     124 | 100.0 |       0 |       9 | 100.0
            +---------+---------+-------+---------+---------+-------
